 Dungeon Crawl Stone Soup version 0.29-a0-670-g5ff2a30383 (webtiles) character file.

Game seed: 3263479244978073650

380 DeathSun the Cudgeller (level 6, 0/47 HPs)
             Began as a Demonspawn Monk on June 24, 2022.
             Was an Elder of Wu Jian.
             Slain by a vampire (7 damage)
             ... on level 5 of the Dungeon.
             The game lasted 00:10:16 (5773 turns).

DeathSun the Cudgeller (Demonspawn Monk)            Turns: 5773, Time: 00:10:17

Health: 0/47       AC: 18    Str: 13    XL:     6   Next: 46%
Magic:  6/6        EV:  6    Int: 11    God:    Wu Jian [****..]
Gold:   169        SH:  0    Dex: 16    Spells: 5/5 levels left

rFire   . . .      SeeInvis .   a - +0 mace
rCold   . . .      Faith    .   (no shield)
rNeg    . . .      Spirit   .   f - +0 chain mail
rPois   .          Reflect  .   (helmet restricted)
rElec   .          Harm     .   (no cloak)
rCorr   .          Rampage  .   o - +2 pair of gloves
Will    .....                   m - +0 pair of boots
Stlth   ..........              (no amulet)
HPRegen 0.15/turn               (no ring)
MPRegen 0.10/turn               (no ring)

@: confused, mighty, ambrosia-drunk, sanguine armoured
A: horns 2, spiny 1, sanguine armour 1
a: Renounce Religion, Wall Jump, Serpent's Lash


You were on level 5 of the Dungeon.
You worshipped Wu Jian.
Wu Jian was greatly pleased with you.
You visited 1 branch of the dungeon, and saw 5 of its levels.

You collected 169 gold pieces.

Inventory:

Hand Weapons
 a - a +0 mace (weapon)
Armour
 b - a +0 robe
 f - a +0 chain mail (worn)
 m - a +0 pair of boots (worn)
 o - a +2 pair of gloves (worn)
Wands
 p - a wand of flame (1)
Scrolls
 g - a scroll of identify
 j - a scroll of blinking
 k - a scroll of amnesia {unknown}
 l - 2 scrolls of poison {unknown}
 r - a scroll of magic mapping {unknown}
Potions
 d - a potion of magic {unknown}
 e - a potion of might
 h - a potion of flight {unknown}
 i - 4 potions of curing
 n - 2 potions of brilliance
 q - a potion of lignification {unknown}


   Skills:
 - Level 3.0 Fighting
 * Level 6.7 Maces & Flails
 - Level 2.6 Dodging
 - Level 1.7 Stealth


You had 5 spell levels left.
You didn't know any spells.
Your spell library contained the following spells:

 Spells                   Type           Power      Damage    Failure   Level
 Necrotize                Necr           0%         1d4       100%        1
 Vampiric Draining        Necr           0%         2d6       100%        3
 Agony                    Necr           0%         N/A       100%        5


Dungeon Overview and Level Annotations

Branches:
Dungeon (5/15)
 Temple: D:4-7

Altars:
Makhleb
Sif Muna
Wu Jian

Annotations:
D:4 Edmund


Innate Abilities, Weirdness & Mutations

You have a pair of horns on your head.
You are partially covered in sharp spines.
When seriously injured, your blood forms armour. (AC +6)


Message History

Something draws strength from your injuries!
You barely miss something. Your headbutt misses something.
Something hits you but does no damage. Something bites you but does no damage.
Something hits you but does no damage. Something bites you but does no damage.
You closely miss something. Something hits you. Something bites you.
Something draws strength from your injuries!
You closely miss something. Something hits you but does no damage.
Something bites you.
Something draws strength from your injuries!
You miss something. Your headbutt misses something. Something hits you.
Something bites you.
Your blood congeals into armour.
Something draws strength from your injuries!
Something hits you but does no damage. Something bites you but does no damage.
You feel less confused. Something hits you.
Something bites you but does no damage. Something hits you.
Something bites you.
Something draws strength from your injuries!
Something hits you but does no damage. Something bites you.
Something draws strength from your injuries!
Something hits you. Something bites you but does no damage.
There is an open door here.
You barely miss something. Your headbutt misses something.
You hear some strange, mumbled words.
You are confused.
You miss something. Something hits you!
* * * LOW HITPOINT WARNING * * *
Something bites you but does no damage.
You feel better. Something hits you.
* * * LOW HITPOINT WARNING * * *
Something bites you but does no damage.
You hit something but do no damage.
You hear some strange, mumbled words.
You are confused.
You bump into the rock wall.
Something hits you!
* * * LOW HITPOINT WARNING * * *
Something bites you but does no damage.
You are more confused.
You feel invigorated. Something hits you but does no damage.
Something bites you!
You die...

...........#
...........# ..........+
.........########
#########...............
........#...............
........#...............
........#.....>.........
#...@{...............
#....#...............
#....######......####
#....##...#......#
#.....#...'....^.#
#.....#...#......+
#.....'...#......#
#'#########
............... ######


There were no monsters in sight!

Vanquished Creatures
  2 scorpions (D:4)
  2 hounds (D:4)
  An orc priest (D:3)
  2 iguanas
  4 adders
  A gnoll (D:1)
  A shadow imp (D:5)
  An ufetubus (D:4)
  2 worms
  A dart slug (D:4)
  8 orcs
  4 endoplasms (D:1)
  4 giant cockroaches
  A goblin (D:2)
  6 hobgoblins
  3 jackals (D:1)
  2 kobolds
  4 quokkas
  6 ball pythons
  5 bats
  2 frilled lizards (D:2)
  4 rats
66 creatures vanquished.

Notes
Turn   | Place    | Note
-------+----------+-------------------------------------------
     0 | D:1      | DeathSun the Demonspawn Monk began the quest for the Orb.
     0 | D:1      | Reached XP level 1. HP: 18/18 MP: 1/1
   202 | D:1      | Reached skill level 3 in Maces & Flails
   426 | D:1      | Gained mutation: You have a pair of small horns on your
                  | head. [demonic ancestry]
   426 | D:1      | Reached XP level 2. HP: 9/24 MP: 2/2
   657 | D:1      | Found a faded altar of an unknown god.
   734 | D:1      | Prayed at the altar of an unknown god.
   734 | D:1      | Became a worshipper of the Wu Jian Council
   734 | D:1      | Reached * piety under Wu Jian
   734 | D:1      | Reached ** piety under Wu Jian
   884 | D:1      | Reached *** piety under Wu Jian
   913 | D:1      | Reached XP level 3. HP: 19/29 MP: 3/3
  1054 | D:1      | Reached skill level 4 in Maces & Flails
  2050 | D:3      | Found a burning altar of Makhleb.
  2693 | D:2      | Gained mutation: You are partially covered in sharp spines.
                  | [demonic ancestry]
  2693 | D:2      | Reached XP level 4. HP: 25/35 MP: 4/4
  3728 | D:3      | Found a shimmering blue altar of Sif Muna.
  3992 | D:4      | Noticed a scorpion
  3999 | D:4      | Killed a scorpion
  4000 | D:4      | Reached skill level 5 in Maces & Flails
  4000 | D:4      | Gained mutation: You have a pair of horns on your head.
                  | [demonic ancestry]
  4000 | D:4      | Reached XP level 5. HP: 41/41 MP: 5/5
  4380 | D:4      | Reached skill level 6 in Maces & Flails
  4579 | D:4      | Gained mutation: When seriously injured, your blood forms
                  | armour. (AC +6) [demonic ancestry]
  4579 | D:4      | Reached XP level 6. HP: 41/47 MP: 6/6
  4657 | D:4      | Noticed Edmund
  4666 | D:5      | Entered Level 5 of the Dungeon
  5383 | D:4      | Reached **** piety under Wu Jian
  5740 | D:5      | Noticed a vampire
  5773 | D:5      | Slain by a vampire

Illustrated notes

Levels and vault maps discovered:
D:1:      minmay_arrival_radiant_lines, layout_rooms, basic_ecumenical_altar,
          minmay_parallelograms
D:2:      layout_rooms, chequers_serial_rivers_micro_c, chequers_garden
D:3:      layout_rooms, mainiacjoe_overflow_tiny_flanked, lemuel_blue_sif_altar
D:4:      layout_basic, jmf_multi_god_temple, uniq_edmund
D:5:      layout_gridville

Skill      XL: |  1  2  3  4  5 |
---------------+----------------+-----
Maces & Flails | 3 4 5 6 |  6.7
Fighting       | |  3.0
Dodging        | |  2.6
Stealth        | |  1.7

Action                   |  1- 3 |  4- 6 || total
-------------------------+-------+-------++-------
Melee: Mace              |   139 |   109 ||   248
       Headbutt          |    14 |    13 ||    27
Invok: Lunge             |     7 |     3 ||    10
       Whirlwind         |       |     1 ||     1
 Abil: Wall Jump         |     1 |     1 ||     2
Evoke: Wand              |       |     3 ||     3
  Use: Scroll            |       |     4 ||     4
       Potion            |       |     3 ||     3
Armor: Robe              |     7 |       ||     7
       Chain mail        |    71 |    63 ||   134
Dodge: Dodged            |    58 |    29 ||    87

Table legend: (Time is in decaauts)
 A = Elapsed time spent in this place.
 B = Non-inter-level travel time spent in this place.
 C = Inter-level travel time spent in this place.
 D = Time resting spent in this place.
 E = Time spent auto-exploring this place.
 F = Levels seen in this place.
 G = Mean time per level.
                   A        B        C        D        E       F      G
               +--------+--------+--------+--------+--------+-----+--------+
         Total |   5821 |   5627 |    194 |   2884 |   1822 |   5 | 1164.2 |
       Dungeon |   5821 |   5627 |    194 |   2884 |   1822 |   5 | 1164.2 |
               +--------+--------+--------+--------+--------+-----+--------+

Top non-repeatable levels by time:
     D:3: 1793 daAuts
     D:4: 1497 daAuts
     D:1: 1294 daAuts
     D:2: 1077 daAuts
     D:5: 159 daAuts
